[Event "PJKL 2008 C categorie"]
[Site "Roermond"]
[Date "2008.12.30"]
[Round "9"]
[White "van Mulekom, Maureen "]
[Black "Suilen, Willem "]
[Result "0-1"]
[ECO "C26"]
[WhiteElo "1519"]
[BlackElo "955"]
[PlyCount "60"]
[EventDate "2008.??.??"]
[TimeControl "240+2"]

{1MB, Fritz10.ctg, ERIC-LAPTOP} 1. e4 e5 2. Nc3 Nf6 3. g3 Nc6 4. Bg2 Bb4 5. d3
O-O 6. Nge2 d5 7. Bg5 d4 8. a3 dxc3 9. axb4 cxb2 10. Rb1 Nxb4 11. Rxb2 Nc6 12.
O-O h6 13. Bxf6 Qxf6 14. f4 exf4 15. Rxf4 Qxb2 16. Kh1 Nd4 17. Nxd4 Qxd4 18.
Qe2 Qe5 19. Qd2 a5 20. c3 a4 21. d4 Qg5 22. Qf2 a3 23. h4 Qe7 24. Qa2 Be6 25.
d5 Bd7 26. Kh2 Qe5 27. c4 Qb2 28. Qxb2 axb2 29. Rf1 Ra1 30. Rxa1 bxa1=Q 0-1

[Event "PJKL 2008 C categorie"]
[Site "Roermond"]
[Date "2008.12.30"]
[Round "9"]
[White "van der Laan, Benjamin "]
[Black "Godding, Mick "]
[Result "0-1"]
[ECO "C50"]
[WhiteElo "888"]
[BlackElo "1049"]
[PlyCount "110"]
[EventDate "2008.??.??"]
[TimeControl "240+2"]

{1MB, Fritz10.ctg, ERIC-LAPTOP} 1. e4 e5 2. Nf3 Nc6 3. Bc4 Bc5 4. Ng5 Qxg5 5.
d3 Qxg2 6. Rf1 d6 7. Nd2 Nf6 8. h4 Ng4 9. Qe2 Bxf2+ 10. Rxf2 Qxf2+ 11. Qxf2
Nxf2 12. Kxf2 O-O 13. Nf3 Nd4 14. Nxd4 exd4 15. Bd2 Be6 16. Rg1 Bxc4 17. dxc4
g6 18. h5 a6 19. Ke2 c5 20. hxg6 fxg6 21. Bh6 Rfe8 22. Kd3 b5 23. b3 bxc4+ 24.
bxc4 Rab8 25. Bf4 Red8 26. Bg5 Rd7 27. c3 dxc3 28. Kxc3 Rf7 29. Rg3 Rbf8 30.
Rd3 Rf3 31. Be3 Re8 32. a3 Rxe4 33. Kd2 h5 34. Ke2 Rf6 35. Rd1 h4 36. Rh1 Rfe6
37. Rh3 Rxc4 38. Kd3 Ra4 39. Bc1 Rg4 40. Kc2 Re2+ 41. Bd2 Rgg2 42. Rd3 Rxd2+
43. Rxd2 Rxd2+ 44. Kxd2 h3 45. Kd3 h2 46. Kc4 h1=Q 47. a4 Qe4+ 48. Kc3 Qd4+ 49.
Kb3 Qd3+ 50. Ka2 g5 51. a5 g4 52. Kb2 g3 53. Kc1 Qe2 54. Kb1 g2 55. Kc1 g1=R#
0-1

[Event "PJKL 2008 C categorie"]
[Site "Roermond"]
[Date "2008.12.30"]
[Round "9"]
[White "Klokgieters, Jeroen "]
[Black "Schols, Wouter "]
[Result "1/2-1/2"]
[ECO "C50"]
[WhiteElo "1085"]
[BlackElo "893"]
[PlyCount "37"]
[EventDate "2008.??.??"]
[TimeControl "240+2"]

{1MB, Fritz10.ctg, ERIC-LAPTOP} 1. e4 e5 2. Nf3 Nc6 3. Bc4 Bc5 4. Nc3 d6 5. h3
Be6 6. Bxe6 fxe6 7. d3 Nf6 8. Bg5 Qe7 9. O-O O-O-O 10. Qe2 h6 11. Bxf6 gxf6 12.
Rab1 Rhg8 13. Qd2 Qg7 14. g3 f5 15. Kh2 f4 16. Rg1 fxg3+ 17. Rxg3 Qf6 18. Rbg1
Qf7 19. R1g2 1/2-1/2

[Event "PJKL 2008 C categorie"]
[Site "Roermond"]
[Date "2008.12.30"]
[Round "9"]
[White "Beciri, Emel"]
[Black "Bokern, Peter"]
[Result "0-1"]
[ECO "A45"]
[WhiteElo "1045"]
[BlackElo "1251"]
[PlyCount "136"]
[EventDate "2008.??.??"]
[TimeControl "240+2"]

{1MB, Fritz10.ctg, ERIC-LAPTOP} 1. d4 Nf6 2. Nc3 g6 3. Bf4 Bg7 4. e3 O-O 5. Qd2
d6 6. O-O-O Bf5 7. Nf3 Nbd7 8. Nh4 Be4 9. f3 Bc6 10. e4 e5 11. dxe5 dxe5 12.
Bh6 Nxe4 13. fxe4 Qxh4 14. Bxg7 Kxg7 15. g3 Qh6 16. Qxh6+ Kxh6 17. Bh3 Nf6 18.
Rhe1 Rad8 19. Rxd8 Rxd8 20. Bg2 b5 21. a3 a5 22. h4 b4 23. axb4 axb4 24. Ne2
Rb8 25. Bf3 b3 26. cxb3 Rxb3 27. Nc3 Nd7 28. Kc2 Rb4 29. Rd1 Nc5 30. Rf1 Kg7
31. g4 Bxe4+ 32. Bxe4 Nxe4 33. Nxe4 Rxe4 34. Rg1 Kf6 35. h5 Ke6 36. hxg6 hxg6
37. g5 Kf5 38. Rf1+ Rf4 39. Re1 Rg4 40. Rf1+ Rf4 41. Re1 e4 42. Rg1 Rf2+ 43.
Kd1 e3 44. Rg3 Kf4 45. Rh3 Rf3 46. Rh1 Kg3 47. Ke2 Kg2 48. Re1 Rf5 49. Kxe3
Re5+ 50. Kd2 Rxe1 51. Kxe1 Kf3 52. b4 Kf4 53. Kf2 Kxg5 54. Kf3 Kf5 55. b5 f6
56. Kf2 Kf4 57. Kg2 Ke3 58. Kg3 f5 59. Kh3 f4 60. Kg2 Ke2 61. b6 cxb6 62. Kh3
f3 63. Kg4 f2 64. Kg5 f1=Q 65. Kh6 b5 66. Kg5 b4 67. Kh6 b3 68. Kg5 b2 0-1

[Event "PJKL 2008 D categorie"]
[Site "Roermond"]
[Date "2008.12.28"]
[Round "4"]
[White "Parren, Ashley"]
[Black "van der Laan, Daniel"]
[Result "1-0"]
[ECO "B01"]
[WhiteElo "695"]
[BlackElo "593"]
[PlyCount "61"]
[EventDate "2009.??.??"]
[TimeControl "240+2"]

{1MB, Fritz10.ctg, ERIC-LAPTOP} 1. e4 d5 2. exd5 Qxd5 3. Nc3 Qe5+ 4. Nge2 Bg4
5. f3 Bf5 6. f4 Qd6 7. Ng3 Be6 8. Nb5 Qc6 9. f5 Bd7 10. Qh5 Qf6 11. Nxc7+ Kd8
12. Nxa8 e6 13. fxe6 Bxe6 14. Ne4 Qf4 15. d3 Nf6 16. Qa5+ Ke8 17. Bxf4 Nc6 18.
Qb5 a6 19. Qxb7 Nd5 20. Qxc6+ Ke7 21. Qd6+ Ke8 22. Qc6+ Ke7 23. Bd6+ Kd8 24.
Bc7+ Kc8 25. Ba5+ Kb8 26. Qe8+ Kb7 27. Nc5+ Ka7 28. d4 Nf6 29. Qd8 h5 30. Qb6+
Kxa8 31. Qb7# 1-0

[Event "PJKL 2008 D categorie"]
[Site "Roermond"]
[Date "2008.12.28"]
[Round "4"]
[White "Damen, Ruben"]
[Black "Terwel, Diederick"]
[Result "0-1"]
[ECO "B30"]
[WhiteElo "886"]
[BlackElo "976"]
[PlyCount "74"]
[TimeControl "240+2"]

{1MB, Fritz10.ctg, ERIC-LAPTOP} 1. e4 c5 2. Bc4 Nf6 3. Nf3 Nc6 4. Ng5 e6 5. d3
Be7 6. Nc3 O-O 7. O-O Nd4 8. b3 h6 9. Nf3 Nxf3+ 10. Qxf3 a6 11. Qg3 Kh8 12.
Bxh6 gxh6 13. Qh3 Kh7 14. e5 Ne8 15. d4 cxd4 16. Bd3+ Kg7 17. Qg4+ Bg5 18. Nb1
Qa5 19. a4 Qxe5 20. Nd2 Nf6 21. Qf3 Bxd2 22. h3 Qg5 23. g3 e5 24. h4 Qg4 25.
Qg2 d6 26. f3 Be3+ 27. Kh1 Qh3+ 28. Qh2 Qxh2+ 29. Kxh2 h5 30. Rfe1 Bh6 31. g4
hxg4 32. fxg4 Nxg4+ 33. Kh1 b6 34. Rg1 f5 35. Bf1 Bb7+ 36. Bg2 Nf2+ 37. Kh2
Bf4# 0-1

[Event "PJKL 2008 D categorie"]
[Site "Roermond"]
[Date "2008.12.28"]
[Round "4"]
[White "van Meegen, Judith"]
[Black "Huibers, Lars"]
[Result "1-0"]
[ECO "C46"]
[WhiteElo "1157"]
[BlackElo "933"]
[PlyCount "138"]
[EventDate "2009.??.??"]
[TimeControl "240+2"]

{1MB, Fritz10.ctg, ERIC-LAPTOP} 1. e4 e5 2. Nf3 Nc6 3. Nc3 Bc5 4. Nxe5 Nxe5 5.
d4 Bxd4 6. Qxd4 Nc6 7. Qd1 Nf6 8. Bg5 h6 9. Bh4 O-O 10. Nd5 g5 11. Nxf6+ Qxf6
12. Bg3 d6 13. Qh5 Nd4 14. O-O-O Be6 15. Bd3 d5 16. e5 Qg7 17. h4 Rfe8 18. hxg5
Qxg5+ 19. Qxg5+ hxg5 20. f4 gxf4 21. Bxf4 Kf8 22. Rh8+ Ke7 23. Bg5+ Kd7 24. Rh7
Rh8 25. Bf6 Rxh7 26. Bxh7 Ne2+ 27. Kb1 c6 28. Re1 Nf4 29. g3 Nh5 30. Bh4 Rh8
31. Bd3 Rf8 32. Rg1 f6 33. g4 Nf4 34. exf6 Nxd3 35. cxd3 Rg8 36. g5 Bf5 37. Kc2
Rh8 38. Bf2 Rh2 39. Rf1 Bh3 40. Rg1 Rxf2+ 41. Kb3 Ke8 42. Kc3 Rg2 43. Rxg2 Bxg2
44. g6 Kf8 45. Kd4 Bf1 46. g7+ Kf7 47. a3 a5 48. Ke5 Bxd3 49. Kd6 d4 50. g8=Q+
Kxg8 51. Ke7 Bg6 52. b4 axb4 53. axb4 d3 54. b5 cxb5 55. Ke6 d2 56. Ke7 d1=Q
57. Ke6 Qg4+ 58. Ke5 Qf5+ 59. Kd4 Qe4+ 60. Kc5 Qd3 61. Kb6 Qc4 62. Kxb7 Qc5 63.
f7+ Kxf7 64. Kb8 Qe7 65. Ka8 Qd7 66. Kb8 Ke6 67. Ka8 Kd6 68. Kb8 Kc6 69. Ka8
Qb7# 1-0

[Event "PJKL 2008 D categorie"]
[Site "Roermond"]
[Date "2008.12.28"]
[Round "4"]
[White "Broens, Damian"]
[Black "Steinbusch, Milan"]
[Result "1-0"]
[ECO "B00"]
[WhiteElo "879"]
[BlackElo "763"]
[PlyCount "35"]
[TimeControl "240+2"]

{1MB, Fritz10.ctg, ERIC-LAPTOP} 1. e4 Nc6 2. Bc4 Nf6 3. Nf3 Nxe4 4. Qe2 f5 5.
d3 e5 6. dxe4 Bb4+ 7. c3 Bc5 8. Ng5 Rf8 9. Nxh7 Rh8 10. Ng5 Rf8 11. Nh7 Rh8 12.
Qh5+ Ke7 13. Bg5+ Kd6 14. Qg6+ Qf6 15. Nxf6 Rf8 16. Nh7+ Rf6 17. Nxf6 gxf6 18.
Qxf6# 1-0

[Event "PJKL 2008 D categorie"]
[Site "Roermond"]
[Date "2008.12.28"]
[Round "4"]
[White "Reijnders, Yari"]
[Black "Vink, Koen"]
[Result "1-0"]
[ECO "C50"]
[WhiteElo "586"]
[BlackElo "817"]
[PlyCount "67"]
[EventDate "2008.??.??"]
[TimeControl "240+2"]

{1MB, Fritz10.ctg, ERIC-LAPTOP} 1. e4 e5 2. Bc4 Nf6 3. d3 Bc5 4. Nf3 Nc6 5. Ng5
b5 6. Nxf7 Qe7 7. Nxh8 bxc4 8. O-O cxd3 9. Qxd3 Qf8 10. Bg5 Qxh8 11. Bxf6 gxf6
12. Nc3 Nb4 13. Qc4 Na6 14. Nb5 c6 15. Nc3 Qf8 16. Na4 Nc7 17. Nxc5 Ba6 18.
Nxa6 Nxa6 19. Qxa6 Rb8 20. Qxa7 Qd6 21. Rad1 Qb4 22. Qxd7+ Kf8 23. c3 Rb7 24.
cxb4 Rxd7 25. Rxd7 Ke8 26. Rfd1 h5 27. a4 h4 28. a5 h3 29. gxh3 Kf8 30. Rc7 Ke8
31. a6 c5 32. bxc5 f5 33. a7 fxe4 34. a8=Q# 1-0

[Event "PJKL 2008 D categorie"]
[Site "Roermond"]
[Date "2008.12.28"]
[Round "4"]
[White "Schreibing, Dani"]
[Black "Redman, Justin"]
[Result "1-0"]
[ECO "C65"]
[WhiteElo "624"]
[BlackElo "448"]
[PlyCount "40"]
[EventDate "2009.??.??"]
[TimeControl "240+2"]

{1MB, Fritz10.ctg, ERIC-LAPTOP} 1. e4 e5 2. Nf3 Nc6 3. Bb5 d6 4. Nc3 Nf6 5. d3
a6 6. Bxc6+ bxc6 7. Bg5 d5 8. exd5 cxd5 9. Nxe5 Bd6 10. Qf3 Bb7 11. Qe3 Ne4 12.
Bxd8 Kxd8 13. Nxf7+ Ke8 14. Nxh8 Kd8 15. dxe4 dxe4 16. Nxe4 Kd7 17. Nf7 Rf8 18.
Nfxd6 cxd6 19. Qh3+ Kc7 20. Qxh7 Re8 1-0

[Event "PJKL 2008 D categorie"]
[Site "Roermond"]
[Date "2008.12.28"]
[Round "4"]
[White "van den Berg, Dora-Jane"]
[Black "Hegge, Freek"]
[Result "0-1"]
[ECO "B00"]
[WhiteElo "658"]
[BlackElo "888"]
[PlyCount "42"]
[TimeControl "240+2"]

{1MB, Fritz10.ctg, ERIC-LAPTOP} 1. e4 e5 2. d4 Nc6 3. d5 d6 4. Bb5 Nf6 5. dxc6
bxc6 6. Bxc6+ Bd7 7. Bxa8 Qxa8 8. f3 g6 9. Nh3 Bg7 10. Ng5 O-O 11. f4 Bg4 12.
f5 Bxd1 13. fxg6 fxg6 14. Ne6 Rf7 15. Nxg7 Rxg7 16. Bh6 Rf7 17. Nc3 Bxc2 18.
Nb5 Qxe4+ 19. Kd2 Ng4 20. Be3 Ba4 21. Nc3 Qxe3# 0-1

[Event "PJKL 2008 D categorie"]
[Site "Roermond"]
[Date "2008.12.28"]
[Round "5"]
[White "Redman, Justin"]
[Black "van den Berg, Dora Jane"]
[Result "1/2-1/2"]
[ECO "B01"]
[WhiteElo "448"]
[BlackElo "658"]
[PlyCount "105"]
[TimeControl "240+2"]

{1MB, Fritz10.ctg, ERIC-LAPTOP} 1. e4 d5 2. Bb5+ c6 3. Bd3 dxe4 4. Bxe4 g6 5.
Bd3 e5 6. Bc4 Qd4 7. d3 h5 8. g4 hxg4 9. Qe2 Nh6 10. f3 gxf3 11. Qxf3 g5 12.
Qxf7+ Nxf7 13. Bxf7+ Kxf7 14. Nf3 Qg4 15. Nxe5+ Kf6 16. Nxg4+ Bxg4 17. h3 Rxh3
18. Rf1+ Kg7 19. b3 Bb4+ 20. Bd2 Bc5 21. Bxg5 Bd4 22. Nc3 Bxc3+ 23. Kf2 Bxa1
24. Rxa1 Rh2+ 25. Kg3 Rxc2 26. Kxg4 Rc3 27. d4 Rd3 28. Re1 Nd7 29. Re7+ Kf8 30.
Rxd7 Re8 31. Bh6+ Kg8 32. Rg7+ Kh8 33. Kg5 Re6 34. Rg6 Rxg6+ 35. Kxg6 Rxd4 36.
Be3 Rg4+ 37. Kf5 Rg2 38. b4 Rxa2 39. Kg6 Rc2 40. Bd4+ Kg8 41. Bxa7 Rb2 42. Bc5
Kh8 43. Bd4+ Kg8 44. Bxb2 Kf8 45. Bg7+ Ke7 46. Bf6+ Kd7 47. Be5 b6 48. Kf6 Kc8
49. Bd4 Kc7 50. Ke5 Kb7 51. Kd6 b5 52. Bf2 Ka6 53. Kxc6 1/2-1/2

[Event "PJKL 2008 D categorie"]
[Site "Roermond"]
[Date "2008.12.28"]
[Round "5"]
[White "Vink, Koen"]
[Black "Schreibing, Dani"]
[Result "0-1"]
[ECO "C49"]
[WhiteElo "817"]
[BlackElo "624"]
[PlyCount "84"]
[TimeControl "240+2"]

{1MB, Fritz10.ctg, ERIC-LAPTOP} 1. e4 e5 2. Nf3 Nc6 3. Nc3 Bb4 4. Bb5 Nf6 5.
O-O Bxc3 6. dxc3 Nxe4 7. Qd3 Nc5 8. Qd5 Qe7 9. Bxc6 bxc6 10. Qc4 Ba6 11. Qg4
Bxf1 12. Kxf1 Qd6 13. Be3 O-O 14. b4 Na4 15. c4 Nc3 16. c5 Qd5 17. Bh6 g6 18.
Qg5 Ne4 19. Qe3 Qc4+ 20. Ke1 Qxb4+ 21. Kd1 Qb2 22. Rc1 Nc3+ 23. Kd2 Nd5 24.
Nxe5 Nxe3 25. Bxf8 Kxf8 26. Re1 Qb4+ 27. Kd3 Qxe1 28. fxe3 Qf1+ 29. Kd2 Qxg2+
30. Kd3 Qxh2 31. Nxd7+ Ke8 32. Nf6+ Kf8 33. Nd7+ Kg7 34. c3 Qxa2 35. Ne5 Qd5+
36. Ke2 Qxe5 37. Kd2 Rd8+ 38. Kc2 Qxe3 39. Kb3 Rb8+ 40. Kc2 Qe2+ 41. Kc1 Qa2
42. c4 Rb1# 0-1

[Event "PJKL 2008 D categorie"]
[Site "Roermond"]
[Date "2008.12.28"]
[Round "5"]
[White "Steinbusch, Milan"]
[Black "Reijnders, Yari"]
[Result "1-0"]
[ECO "B02"]
[WhiteElo "763"]
[BlackElo "586"]
[PlyCount "143"]
[TimeControl "240+2"]

{1MB, Fritz10.ctg, ERIC-LAPTOP} 1. e4 d5 2. Nc3 Nf6 3. e5 Bg4 4. f3 Be6 5. exf6
exf6 6. Bb5+ c6 7. Bf1 Bb4 8. Nh3 Bxh3 9. gxh3 Qe7+ 10. Qe2 Nd7 11. Qxe7+ Kxe7
12. Bd3 Rae8 13. O-O Kd8 14. a3 Bc5+ 15. Kh1 Bd4 16. b4 Bxc3 17. dxc3 Re7 18.
Bb2 Rhe8 19. c4 dxc4 20. Bxc4 Ne5 21. Rad1+ Rd7 22. Rxd7+ Nxd7 23. Bxf7 Re7 24.
Bb3 Re3 25. c3 Re2 26. Bc1 Ne5 27. Rd1+ Ke8 28. Rf1 b6 29. a4 b5 30. axb5 cxb5
31. c4 bxc4 32. Ba4+ Kd8 33. Rd1+ Kc8 34. Rf1 Nd3 35. Kg1 Nxb4 36. f4 c3 37.
Rd1 c2 38. Rf1 Re3 39. Bxe3 Na2 40. Bxc2 Nc3 41. Bf5+ Kd8 42. Kf2 a5 43. Bd4
Nd5 44. Rd1 Nxf4 45. Be3+ Ke8 46. Bxf4 g6 47. Bd7+ Ke7 48. Bb5 Ke6 49. Rd6+ Kf5
50. Bg3 h5 51. Bc4 Ke4 52. Bd5+ Kd4 53. Ba2+ Kc5 54. Rd5+ Kc6 55. Rxa5 Kb6 56.
Ra3 f5 57. h4 Kb5 58. Rb3+ Ka4 59. Rb6 Ka3 60. Bf7 Ka4 61. Bxg6 Ka5 62. Rf6 Kb5
63. Rxf5+ Kc6 64. Rxh5 Kd7 65. Rh7+ Ke6 66. h5 Kd5 67. Re7 Kc6 68. h6 Kd5 69.
h7 Kc6 70. h8=Q Kc5 71. Qc8+ Kd4 72. Rd7# 1-0

[Event "PJKL 2008 D categorie"]
[Site "Roermond"]
[Date "2008.12.28"]
[Round "5"]
[White "Huibers, Lars"]
[Black "Broens, Damian"]
[Result "1-0"]
[ECO "C50"]
[WhiteElo "933"]
[BlackElo "879"]
[PlyCount "117"]
[TimeControl "240+2"]

{1MB, Fritz10.ctg, ERIC-LAPTOP} 1. e4 e5 2. Nf3 Nc6 3. Bc4 Bc5 4. Nc3 d6 5. d3
Nh6 6. Bg5 f6 7. Bxh6 gxh6 8. O-O Bg4 9. h3 Bh5 10. g4 Bg6 11. Qd2 h5 12. Qh6
Qd7 13. Nd5 O-O-O 14. Nxf6 Qe7 15. Nd5 Qf7 16. Nb6+ Bxb6 17. Bxf7 Bxf7 18. Ng5
Be8 19. Qe6+ Bd7 20. Qf6 Rhg8 21. Nf7 Rdf8 22. Kh1 hxg4 23. hxg4 Bxg4 24. f3
Bh5 25. Rg1 Bxf7 26. Rxg8 Rxg8 27. Qxf7 Rd8 28. Rg1 Bxg1 29. Kxg1 Nd4 30. c3
Ne2+ 31. Kf2 Nc1 32. d4 exd4 33. cxd4 Nd3+ 34. Ke3 Nb4 35. a3 Nc6 36. Qxh7 Na5
37. Qf5+ Rd7 38. Qxa5 Kb8 39. Qf5 Rd8 40. Qf6 Kc8 41. e5 b6 42. exd6 Rxd6 43.
Qf8+ Kb7 44. f4 Re6+ 45. Kd3 Rg6 46. f5 Rg3+ 47. Ke4 Rb3 48. f6 Rxb2 49. f7
Re2+ 50. Kd3 Rf2 51. Qe8 Rf3+ 52. Ke2 Rxa3 53. f8=Q Ra2+ 54. Kd3 Ra3+ 55. Qxa3
a5 56. Qae7 a4 57. Qxa4 b5 58. Qxb5+ Kc8 59. Qee8# 1-0

[Event "PJKL 2008 D categorie"]
[Site "Roermond"]
[Date "2008.12.28"]
[Round "5"]
[White "Terwel, Diederick"]
[Black "van Meegen, Judith"]
[Result "0-1"]
[ECO "C45"]
[WhiteElo "976"]
[BlackElo "1157"]
[PlyCount "132"]
[TimeControl "240+2"]

{1MB, Fritz10.ctg, ERIC-LAPTOP} 1. e4 e5 2. Nf3 Nc6 3. d4 exd4 4. Nxd4 Bc5 5.
Be3 b6 6. Be2 Bb7 7. Nxc6 Bxc6 8. Bxc5 bxc5 9. O-O Bxe4 10. Nc3 Bb7 11. Bf3
Bxf3 12. Qxf3 Nf6 13. Rfe1+ Kf8 14. Qe3 d5 15. Qxc5+ Qd6 16. Qxd6+ cxd6 17. Nb5
Rb8 18. Nxd6 Rxb2 19. Rab1 Rxb1 20. Rxb1 Ke7 21. Nf5+ Kd7 22. Rb7+ Kc6 23. Rxa7
Rb8 24. h3 g6 25. Ra6+ Kd7 26. Rxf6 gxf5 27. Rxf5 Ke6 28. Rh5 Rb2 29. Rxh7 Rxc2
30. a4 Ra2 31. Rh6+ Ke7 32. Ra6 d4 33. Kf1 Kf8 34. Ke1 Kg7 35. Kd1 Rxf2 36. Rd6
Rf4 37. a5 Rf5 38. a6 Ra5 39. Kd2 Ra3 40. Rd7 d3 41. Rxd3 Rxa6 42. Rg3+ Kf8 43.
Kd3 Ra3+ 44. Ke2 Rxg3 45. Kf2 Rg6 46. g3 Kg7 47. h4 Rf6+ 48. Kg2 Kh6 49. Kh3
Rf3 50. Kg2 Rd3 51. Kh2 Kh5 52. Kg2 Kg4 53. h5 Rxg3+ 54. Kh2 Rh3+ 55. Kg2 Rxh5
56. Kf2 f5 57. Kg2 f4 58. Kf2 Rh2+ 59. Kg1 Kg3 60. Kf1 Ra2 61. Ke1 Kg2 62. Kd1
f3 63. Ke1 Rb2 64. Kd1 f2 65. Kc1 Re2 66. Kd1 f1=Q# 0-1

[Event "PJKL 2008 D categorie"]
[Site "Roermond"]
[Date "2008.12.28"]
[Round "5"]
[White "van der Laan, Daniel"]
[Black "Damen, Ruben"]
[Result "0-1"]
[ECO "C20"]
[WhiteElo "593"]
[BlackElo "886"]
[PlyCount "98"]
[EventDate "2008.??.??"]
[TimeControl "240+2"]

{1MB, Fritz10.ctg, ERIC-LAPTOP} 1. e4 e5 2. Qh5 Qe7 3. Nf3 Nc6 4. Nc3 d6 5. d3
g6 6. Qh4 Qxh4 7. Nxh4 Nd4 8. Rb1 Bh6 9. Bxh6 Nxh6 10. Rd1 Nxc2+ 11. Kd2 Nd4
12. a4 Nb3+ 13. Kc2 Nd4+ 14. Kb1 Ng4 15. Be2 Nxf2 16. Rhf1 Nxd1 17. Rxd1 g5 18.
Nf3 g4 19. Nxd4 exd4 20. Nb5 O-O 21. Bxg4 Bxg4 22. Rc1 c6 23. Nc7 Rac8 24. h3
Rxc7 25. hxg4 Rfc8 26. Rf1 d5 27. Rf5 dxe4 28. dxe4 Kf8 29. g5 Rd8 30. Kc2 d3+
31. Kd2 c5 32. Rf6 c4 33. Rf1 Rc6 34. e5 Kg8 35. g4 Rb6 36. Rg1 Rxb2+ 37. Kc1
Ra2 38. g6 hxg6 39. Kb1 Rxa4 40. Kb2 d2 41. Kc2 c3 42. Kxc3 d1=Q 43. Rxd1 Rxd1
44. Kc2 Rd5 45. Kb3 Ra6 46. Kc4 Rd1 47. Kc3 Rc6+ 48. Kb4 Rb1+ 49. Ka3 Ra6# 0-1

[Event "PJKL 2008 D categorie"]
[Site "Roermond"]
[Date "2008.12.28"]
[Round "5"]
[White "Schols, Jeroen"]
[Black "Parren, Ashley"]
[Result "1-0"]
[ECO "D00"]
[WhiteElo "870"]
[BlackElo "695"]
[PlyCount "99"]
[TimeControl "240+2"]

{1MB, Fritz10.ctg, ERIC-LAPTOP} 1. d4 d5 2. Nf3 e6 3. Nc3 Nc6 4. Be3 Bb4 5. Qd2
Nf6 6. Ne5 Nxe5 7. dxe5 Ne4 8. Qd4 Bxc3+ 9. bxc3 O-O 10. f3 Ng5 11. Bxg5 Qxg5
12. e3 g6 13. f4 Qe7 14. Qb4 c5 15. Qa3 Rd8 16. Bb5 Bd7 17. Bxd7 Rxd7 18. Rb1
Rb8 19. Qxa7 Rdd8 20. O-O d4 21. Rfd1 Qd7 22. cxd4 Qc8 23. c3 Ra8 24. Qxb7 Qxb7
25. Rxb7 Rxa2 26. Rdb1 Rf8 27. Rb8 h6 28. Rxf8+ Kxf8 29. Rb8+ Kg7 30. dxc5 Ra1+
31. Kf2 Ra2+ 32. Kf3 Rc2 33. c6 Rxc3 34. Rb6 g5 35. fxg5 hxg5 36. g4 f5 37.
exf6+ Kxf6 38. Ke4 Rc4+ 39. Kd3 Rc5 40. Kd4 Rc1 41. e4 Ke7 42. h3 Kd6 43. c7+
Kxc7 44. Rxe6 Rd1+ 45. Ke5 Rh1 46. Rh6 Kd7 47. Kf6 Kc6 48. e5 Kd7 49. e6+ Ke8
50. Rh8# 1-0

[Event "PJKL 2008 D categorie"]
[Site "Roermond"]
[Date "2008.12.28"]
[Round "6"]
[White "Damen, Ruben"]
[Black "Schols, Jeroen"]
[Result "1-0"]
[ECO "C42"]
[WhiteElo "886"]
[BlackElo "870"]
[PlyCount "69"]
[TimeControl "240+2"]

{1MB, Fritz10.ctg, ERIC-LAPTOP} 1. e4 e5 2. Bc4 Nf6 3. Nf3 Bc5 4. Nxe5 O-O 5.
Nc3 d6 6. d3 dxe5 7. Qf3 Bg4 8. Qg3 Nc6 9. h3 Be6 10. Bh6 Nh5 11. Qg5 Qxg5 12.
Bxg5 f6 13. Bxe6+ Kh8 14. Be3 Bxe3 15. fxe3 Ng3 16. Rg1 Nb4 17. O-O-O Nxa2+ 18.
Nxa2 Ne2+ 19. Kb1 Nxg1 20. Rxg1 Rfe8 21. Bd7 Red8 22. Ba4 c6 23. Bb3 a5 24. g4
a4 25. Bc4 b5 26. Be6 h6 27. Nc1 b4 28. h4 a3 29. bxa3 Rxa3 30. g5 Rda8 31. d4
exd4 32. exd4 hxg5 33. hxg5 fxg5 34. Rh1+ Rh3 35. Rxh3# 1-0

[Event "PJKL 2008 D categorie"]
[Site "Roermond"]
[Date "2008.12.28"]
[Round "6"]
[White "van Meegen, Judith"]
[Black "van der Laan, Daniel"]
[Result "1-0"]
[ECO "B01"]
[WhiteElo "1157"]
[BlackElo "593"]
[PlyCount "51"]
[TimeControl "240+2"]

{1MB, Fritz10.ctg, ERIC-LAPTOP} 1. e4 d5 2. exd5 Qxd5 3. Nc3 Qe5+ 4. Qe2 Qxe2+
5. Bxe2 Bf5 6. d3 Nc6 7. Bf4 f6 8. Bxc7 Nd4 9. Rc1 Rc8 10. Bf4 e5 11. Bg3 Bb4
12. a3 Bxc3+ 13. bxc3 Rxc3 14. Kd2 Rxa3 15. Rb1 Ne7 16. Rxb7 Nd5 17. Rb8+ Bc8
18. Rxc8+ Kf7 19. Rxh8 Ra2 20. Rc8 g5 21. Nf3 g4 22. Nxd4 exd4 23. Bxg4 Ke7 24.
Rb1 a5 25. Rb7+ Nc7 26. Rbxc7# 1-0

[Event "PJKL 2008 D categorie"]
[Site "Roermond"]
[Date "2008.12.28"]
[Round "6"]
[White "Broens, Damian"]
[Black "Terwel, Diederik"]
[Result "1/2-1/2"]
[ECO "B20"]
[WhiteElo "879"]
[BlackElo "976"]
[PlyCount "140"]
[TimeControl "240+2"]

{1MB, Fritz10.ctg, ERIC-LAPTOP} 1. e4 c5 2. Bc4 Nc6 3. Qh5 e6 4. Nf3 h6 5. Nc3
Nf6 6. Qh4 Be7 7. Qg3 O-O 8. d3 d5 9. Bb3 d4 10. Bxh6 Nh5 11. Qg4 dxc3 12. bxc3
Bf6 13. Be3 Bxc3+ 14. Bd2 Bxa1 15. Qxh5 Bf6 16. Bg5 Ne5 17. Bxf6 Qxf6 18. Ng5
Qg6 19. Qh4 f6 20. Nxe6 Bxe6 21. Bxe6+ Nf7 22. Bf5 Qh6 23. Qg3 Qg5 24. Qh3 Nh6
25. Be6+ Kh8 26. O-O f5 27. exf5 Rae8 28. Bd7 Re5 29. f4 Qg4 30. fxe5 Qxh3 31.
gxh3 Rf7 32. e6 Re7 33. f6 gxf6 34. Rxf6 Kg7 35. Rf3 Ng8 36. Rg3+ Kf8 37. h4
Nf6 38. Rf3 Kg7 39. Rh3 Kh6 40. c3 Rg7+ 41. Kf2 Nxd7 42. exd7 Rxd7 43. Ke3 Kh5
44. Rg3 Kxh4 45. Rg2 Re7+ 46. Kd2 Kh3 47. Rf2 Rd7 48. Kc2 Rc7 49. Kb3 b5 50. a3
c4+ 51. dxc4 bxc4+ 52. Kb4 Kh4 53. a4 Kg4 54. Rd2 Kh3 55. Rd4 Kxh2 56. Rxc4
Rb7+ 57. Kc5 Rb6 58. Rh4+ Kg3 59. Rh7 Rb8 60. Rxa7 Rc8+ 61. Kb4 Rb8+ 62. Kc5
Rc8+ 63. Kd4 Rd8+ 64. Kc4 Rc8+ 65. Kb3 Rb8+ 66. Kc2 Kf4 67. c4 Ke5 68. Rd7 Ra8
69. Kb3 Rb8+ 70. Kc3 Ra8 1/2-1/2

[Event "PJKL 2008 D categorie"]
[Site "Roermond"]
[Date "2008.12.28"]
[Round "6"]
[White "Reijnders, Yari"]
[Black "Huibers, Lars"]
[Result "0-1"]
[ECO "C50"]
[WhiteElo "586"]
[BlackElo "933"]
[PlyCount "26"]
[TimeControl "240+2"]

{1MB, Fritz10.ctg, ERIC-LAPTOP} 1. e4 e5 2. Bc4 Nf6 3. d3 Nc6 4. Nf3 Bc5 5. Ng5
O-O 6. Nxf7 Rxf7 7. Bxf7+ Kxf7 8. O-O d6 9. Bg5 h6 10. Bxf6 Qxf6 11. Qe1 Qg6
12. h3 Bxh3 13. Kh2 Qxg2# 0-1

[Event "PJKL 2008 D categorie"]
[Site "Roermond"]
[Date "2008.12.28"]
[Round "6"]
[White "Schreibing, Dani"]
[Black "Steinbusch, Milan"]
[Result "0-1"]
[ECO "C46"]
[WhiteElo "624"]
[BlackElo "763"]
[PlyCount "82"]
[TimeControl "240+2"]

{1MB, Fritz10.ctg, ERIC-LAPTOP} 1. e4 e5 2. Nf3 Nc6 3. Nc3 Bb4 4. Bb5 Bxc3 5.
dxc3 Nf6 6. Bg5 O-O 7. Bxc6 bxc6 8. O-O Qe7 9. Bxf6 Qxf6 10. Qe2 c5 11. c4 d6
12. Qd2 Qg6 13. Nh4 Qh5 14. g3 Bh3 15. Rfe1 Rfe8 16. b4 g5 17. Qe2 Qxe2 18.
Rxe2 gxh4 19. gxh4 Re6 20. Re3 Rg6+ 21. Kh1 Be6 22. Rg3 Rxg3 23. fxg3 Kh8 24.
Rf1 cxb4 25. h5 Bxc4 26. Rd1 Bxa2 27. h6 Bc4 28. g4 Rg8 29. h3 Rd8 30. g5 d5
31. exd5 Bxd5+ 32. Rxd5 Rxd5 33. c4 Rd1+ 34. Kg2 b3 35. c5 b2 36. c6 b1=Q 37.
Kf2 Rf1+ 38. Ke2 Qe1+ 39. Kd3 Rf3+ 40. Kc2 Qe2+ 41. Kc1 Rf1# 0-1

[Event "PJKL 2008 D categorie"]
[Site "Roermond"]
[Date "2008.12.28"]
[Round "6"]
[White "van den Berg, Dora Jane"]
[Black "Vink, Koen"]
[Result "0-1"]
[ECO "C21"]
[WhiteElo "658"]
[BlackElo "817"]
[PlyCount "98"]
[TimeControl "240+2"]

{1MB, Fritz10.ctg, ERIC-LAPTOP} 1. e4 e5 2. d4 f6 3. d5 Bc5 4. c3 Ne7 5. b4 Bd6
6. c4 Bxb4+ 7. Bd2 Bc5 8. Be3 Bxe3 9. fxe3 c5 10. d6 Ng6 11. Qh5 Nc6 12. Na3
Nb4 13. Nb5 Nc2+ 14. Kd1 Nxa1 15. Nc3 Qb6 16. Na4 Qxd6+ 17. Kc1 Qc6 18. Nc3 d6
19. Nf3 Be6 20. Nh4 Bf7 21. Be2 Nxh4 22. Qxh4 g5 23. Qh6 Rg8 24. Qxh7 Kf8 25.
Qh6+ Rg7 26. Qh8+ Rg8 27. Qh6+ Ke8 28. Bh5 Bxh5 29. Qxh5+ Ke7 30. Qh7+ Kf8 31.
Rf1 Rg7 32. Qh8+ Rg8 33. Rxf6+ Ke7 34. Rh6 Rxh8 35. Rxh8 Rxh8 36. Kb1 Rxh2 37.
Kxa1 Rxg2 38. a4 Rg1+ 39. Kb2 Qb6+ 40. Nb5 a6 41. Kc3 axb5 42. cxb5 Qa5+ 43.
Kb3 Rb1+ 44. Ka3 Ra1+ 45. Kb3 Qxa4+ 46. Kb2 Qa3+ 47. Kc2 Rh1 48. Kd2 Rh2+ 49.
Ke1 Qa1# 0-1

[Event "PJKL 2008 D categorie"]
[Site "Roermond"]
[Date "2008.12.28"]
[Round "6"]
[White "Maessen, Roy"]
[Black "Hegge, Freek"]
[Result "1-0"]
[ECO "D04"]
[WhiteElo "1330"]
[BlackElo "888"]
[PlyCount "57"]
[TimeControl "240+2"]

{1MB, Fritz10.ctg, ERIC-LAPTOP} 1. d4 d5 2. Nf3 Nc6 3. e3 Nf6 4. Bd3 g6 5. O-O
Bg7 6. Nbd2 O-O 7. b3 Bg4 8. Bb2 e6 9. h3 Bf5 10. Bxf5 exf5 11. Ne5 Nxe5 12.
dxe5 Ne4 13. Nxe4 fxe4 14. f4 c6 15. Qe2 Re8 16. Rfd1 Qc7 17. c4 Rad8 18. Rac1
a6 19. cxd5 c5 20. d6 Qc6 21. b4 b6 22. bxc5 bxc5 23. Ba3 Qb6 24. d7 Re7 25.
Bxc5 Qb5 26. Qxb5 axb5 27. Bxe7 Rb8 28. Rc8+ Rxc8 29. dxc8=Q+ 1-0